Unix NetHack Version 3.7.0-53 Work-in-progress - last build Apr 18 2022 03:42:42 (02b85442fffe0e2954e411e09df771b56fe27bbc,branch:master). Game began 2022-04-18 12:44:50, ended 2022-04-18 13:05:25. Dewzmint, lawful male human Priest # ------ -|----------- |......| |............# |....^.-# |...........|# .......|# ### |...........|# --------# ## # |...........|# # # # |..<........|# # # # |...........|# # # # -----------.-# # ## # ### ##### # ### # # # ################## # @a####### # ###--.-- # #-|-+--- # #|...| ## #|.(...+# # #|...|## #-.{.".| ##### #|...|# |......## #|....# ------- #+...| ----- Dewzmint the Adept St:10 Dx:14 Co:11 In:11 Wi:18 Ch:10 Lawful S:1794 Dlvl:8 $:196 HP:0(49) Pw:74(74) AC:0 Xp:6/476 T:3395 Burdened Latest messages: You are still in a pit. You are still in a pit. You are still in a pit. You crawl to the edge of the pit. You see here 11 darts. You see here 11 darts. You have a little trouble lifting L - 11 darts. That door is closed. You hear someone cursing shoplifters. The door opens. You kill the gecko! You find a hidden door. The door resists! The door opens. What do you want to zap? Never mind. What do you want to write with? You write in the dust with a platinum wand. What do you want to write in the dust here? lmao The wand unsuccessfully fights your attempt to write! You are beginning to feel hungry. What do you want to eat? Blecch! Rotten food! What do you want to eat? It is not so easy to open this tin. You succeed in opening the tin. It smells like jackals. Eat it? [yn] (n) y You consume pickled jackal. The soldier ant bites! The soldier ant stings! The soldier ant bites! The soldier ant stings! You hit the soldier ant! The soldier ant bites! The soldier ant misses! You hit the soldier ant! The soldier ant just misses! The soldier ant misses! You miss the soldier ant. The soldier ant bites! The soldier ant stings! The soldier ant bites! The soldier ant stings! You die... Do you want your possessions identified? [ynq] (y) n Do you want to see your attributes? [ynq] (y) n Do you want an account of creatures vanquished? [ynaq] (y) n Do you want to see your conduct and achievements? [ynq] (y) n Do you want to see the dungeon overview? [ynq] (y) n Major events: Turn 1: Dewzmint the lawful human Priest entered the dungeon 846: attained the rank of Acolyte (level 3) 948: entered the Gnomish Mines 2437: attained the rank of Adept (level 6) 2715: chose a runed dagger to be named "Sting" 3395: killed by a soldier ant Inventory: Coins $ - 196 gold pieces Weapons L - 11 +0 darts I - the +0 Sting a - a blessed corroded +3 mace (weapon in hand) Armor J - a +0 elven leather helm (being worn) G - a +0 pair of elven boots (being worn) c - a +1 small shield (being worn) b - a +1 robe (being worn) A - a +0 studded leather armor (being worn) Comestibles e - a clove of garlic m - 3 food rations f - a sprig of wolfsbane j - a tin of pickled jackal meat Spellbooks g - a spellbook of detect monsters t - a spellbook of protection Potions u - a potion of gain energy l - a potion of levitation d - 3 potions of holy water v - 2 potions of water Wands w - a wand of cancellation (0:6) B - a wand of cancellation (0:6) k - a wand of secret door detection (0:14) r - a wand of secret door detection (0:11) z - a wand of striking (0:3) Tools i - a magic marker (0:45) Dewzmint the Priest's attributes: Background: You were an Adept, a level 6 human Priest. You were lawful, on a mission for Mercury who was opposed by Venus (neutral) and Mars (chaotic). You were in the Dungeons of Doom, on level 8. You entered the dungeon 3395 turns ago. There was a full moon in effect when your adventure ended. You had 476 experience points, 164 more were needed to attain level 7. Your score was 1794 before end-of-game adjustments. Basics: You had 0 out of 49 hit points. You had all 74 energy points (spell power). Your armor class was 0. Your wallet contained 196 zorkmids. Autopickup was off. Final Characteristics: Your strength was 10 (peak:14, limit:18/100). Your dexterity was 14 (limit:18). Your constitution was 11 (limit:18). Your intelligence was 11 (limit:18). Your wisdom was 18 (limit:18). Your charisma was 10 (limit:18). Final Status: You were not hungry. You were burdened; movement was slightly slowed. You were wielding a mace. You were skilled in mace. Final Attributes: You were piously aligned. You were stealthy. You were guarded. You were lucky. You are dead. Miscellaneous: You never encountered a bones level. Total elapsed playing time was 20 minutes and 35 seconds. Vanquished creatures: a giant spider a dust vortex a rope golem a Woodland-elf a bugbear a kobold mummy a straw golem a kitten 2 iguanas an acid blob a gas spore 2 large kobolds 4 giant rats a brown mold a yellow mold a gnome 3 garter snakes 2 gnome zombies 3 geckos 4 jackals a fox 2 goblins 4 sewer rats 4 grid bugs 5 lichens 7 newts 56 creatures vanquished. No species were genocided or became extinct. Voluntary challenges: You read items or engraved 12 times. You never engraved Elbereth. You never genocided any monsters. You never polymorphed an object. You never changed form. You used no wishes. Achievements: You attained the rank of Acolyte. You entered the Gnomish Mines. You attained the rank of Adept. The Dungeons of Doom: levels 1 to 8 Level 1: A fountain, a sink. Level 2: Stairs down to The Gnomish Mines. Level 3: Level 4: An altar, a fountain. Level 5: Many fountains, a grave. Level 6: Level 7: Some fountains. Level 8: <- You were here. A fountain. Final resting place for you, killed by a soldier ant. The Gnomish Mines: Level 3: Game over: ---------- / \ / REST \ / IN \ / PEACE \ / \ | Dewzmint | | 196 Au | | killed by a | | soldier ant | | | | | | 2022 | *| * * * | * _________)/\\_//(\/(/\)/\//\/|_)_______ Goodbye Dewzmint the Priest... You died in The Dungeons of Doom on dungeon level 8 with 1775 points, and 196 pieces of gold, after 3395 moves. You were level 6 with a maximum of 49 hit points when you died.